 Dungeon Crawl Stone Soup version 0.28-a0-60-g54b5640690 (webtiles) character file.

Game seed: 4860195765966926390

335 Demosthentine the Poker (level 6, 0/48 HPs)
             Began as a Merfolk Gladiator on July 30, 2021.
             Was an Initiate of the Shining One.
             Slain by Sigmund (6 damage)
             ... on level 4 of the Dungeon.
             The game lasted 00:05:48 (4054 turns).

Demosthentine the Poker (Merfolk Gladiator)         Turns: 4054, Time: 00:05:49

Health: 0/48       AC:  5    Str: 16    XL:     6   Next: 53%
Magic:  6/6        EV: 14    Int:  8    God:    the Shining One [......]
Gold:   159        SH:  0    Dex: 15    Spells: 5/5 levels left

rFire   . . .      SeeInvis .   a - +1 trident
rCold   . . .      Faith    .   (no shield)
rNeg    . . .      Spirit   .   b - +0 leather armour
rPois   .          Reflect  .   c - +1 helmet
rElec   .          Harm     .   (no cloak)
rCorr   .          Rampage  .   (no gloves)
Will    .....                   (no boots)
Stlth   +.........              (no amulet)
HPRegen 0.16/turn               (no ring)
MPRegen 0.10/turn               (no ring)

@: confused, glowing
A: (nimble swimmer 2), mertail
a: Renounce Religion


You were on level 4 of the Dungeon.
You worshipped the Shining One.
The Shining One was noncommittal.
You visited 2 branches of the dungeon, and saw 5 of its levels.

You collected 159 gold pieces.

Inventory:

Hand Weapons
 a - a +1 trident (weapon)
Missiles
 d - a throwing net (quivered)
Armour
 b - a +0 leather armour (worn)
 c - a +1 helmet (worn)
Jewellery
 g - a ring of wizardry
 h - a ring of flight
Scrolls
 e - a scroll of silence
 f - 2 scrolls of vulnerability
 i - a scroll of enchant armour
 j - 2 scrolls of identify


   Skills:
 + Level 4.1 Fighting
 + Level 6.4 Polearms
 - Level 2.0 Throwing
 + Level 2.1 Armour
 + Level 5.8 Dodging


You had 5 spell levels left.
You didn't know any spells.
Your spell library contained the following spells:

 Spells                   Type           Power      Damage    Failure   Level
 Sting                    Tmut/Pois      0%         1d3       47%         1
 Poisonous Vapours        Pois/Air       0%         N/A       63%         2
 Olgreb's Toxic Radiance  Pois           0%         N/A       99%         4
 Summon Forest            Summ/Tloc      0%         N/A       100%        5
 Eringya's Noxious Bog    Tmut/Pois      0%         N/A       100%        6
 Summon Hydra             Summ           0%         N/A       100%        7


Dungeon Overview and Level Annotations

Branches:
Dungeon (4/15)             Temple (1/1) D:4

Altars:
Ashenzari
Cheibriados
Dithmenos
Fedhas
Gozag
Makhleb
Nemelex Xobeh
Okawaru
Qazlal
Ru
Sif Muna
Trog
Uskayaw
Vehumet
Yredelemnul
The Shining One

Annotations:
D:4 Dowan, Duvessa, Eustachio, Sigmund


Innate Abilities, Weirdness & Mutations

((You are quick and stealthy near water. (Stealth+, EV+, Speed+++)))
Your lower body shifts to a powerful aquatic tail in water.


Message History

You are more confused.
Sigmund struggles against the net.
You bump into the rock wall.
Sigmund points at you and mumbles some strange words.
The magic dart hits you.
Sigmund struggles against the net.
You're too confused to move!
Sigmund casts a spell at you. You resist with some effort.
Sigmund struggles against the net.
You feel less invigorated.
Sigmund struggles against the net.
The net rips apart, and Sigmund comes free!
Sigmund barely misses you. Sigmund closely misses you.
Sigmund closely misses you.
You bump into the stone wall.
Sigmund giggles. "Time to reap what you sow."
Sigmund points at you and mumbles some strange words.
The magic dart hits you.
Sigmund hits you with a +0 scythe of protection!
You hit Sigmund but do no damage.
Sigmund hits you with a +0 scythe of protection!
Sigmund gestures wildly while chanting.
Sigmund flickers and vanishes!
Deactivating autopickup; reactivate with Ctrl-A.
Something hits you but does no damage.
You hit something. Something hits you.
You barely miss something.
You hear some strange, mumbled words.
Something tries to affect you, but you resist.
You bump into the rock wall.
Something hits you.
* * * LOW HITPOINT WARNING * * *
You aren't carrying any potions.
Unknown command.
You bump into the rock wall.
You feel less confused.
You hear some strange, mumbled words.
You are confused.
You hit something. Something hits you!
* * * LOW HITPOINT WARNING * * *
Something hits you.
You die...

#.......#.#.#.##....#..
#.####.....J......#...# #.#
#..#.##.#.##.#...# #.#
##.#....#........# ###.#
#....#...#.#.##.# #...#
#.##.#.>.#.#....#
###.#######..........(.#..#
#.............#.#.#....#..#
#.........@.#.#.#.#.##....#
#..###....{.#........)..#..
#..'_+..###....#.##.#(#.#..
#..###..<)..##.#....#.#...#
#........#................#
#......###..........#######
######## ############


There were no monsters in sight!

Vanquished Creatures
  An ogre (D:4)
  A jelly (D:3)
  An orc priest (D:3)
  A hound (D:4)
  Terence (D:2)
  A hound skeleton (D:4)
  A gnoll (D:2)
  2 adders
  An adder skeleton (D:4)
  3 dart slugs
  6 orcs
  5 ball pythons
  4 bats
  15 endoplasms
  3 giant cockroaches
  3 goblins
  5 hobgoblins
  4 jackals
  4 kobolds
  3 quokkas
  6 frilled lizards
  6 rats
77 creatures vanquished.

Vanquished Creatures (others)
  15 fungi (D:3)
  A plant (D:3)
16 creatures vanquished.

Grand Total: 93 creatures vanquished

Notes
Turn   | Place    | Note
-------+----------+-------------------------------------------
     0 | D:1      | Demosthentine the Merfolk Gladiator began the quest for the
                  | Orb.
     0 | D:1      | Reached XP level 1. HP: 16/16 MP: 1/1
   217 | D:1      | Reached XP level 2. HP: 18/23 MP: 2/2
   602 | D:1      | Reached XP level 3. HP: 28/28 MP: 3/3
   858 | D:2      | Reached skill level 5 in Polearms
   930 | D:2      | Reached skill level 1 in Armour
  1122 | D:2      | Reached XP level 4. HP: 23/34 MP: 4/4
  1243 | D:2      | Noticed Terence
  1254 | D:2      | Killed Terence
  2098 | D:3      | Reached skill level 5 in Dodging
  2098 | D:3      | Reached XP level 5. HP: 18/41 MP: 5/5
  2282 | D:3      | Found a stormy altar of Qazlal.
  2646 | D:3      | Found an opulent altar of Gozag.
  2647 | D:3      | Found an opulent altar of Gozag.
  2650 | D:3      | Found an opulent altar of Gozag.
  2655 | D:3      | Found an opulent altar of Gozag.
  3226 | D:3      | Found a faded altar of an unknown god.
  3249 | D:4      | Noticed Eustachio
  3250 | D:4      | Noticed Duvessa
  3347 | D:4      | Found a basalt altar of Yredelemnul.
  3372 | D:4      | Found a staircase to the Ecumenical Temple.
  3400 | D:4      | Reached skill level 6 in Polearms
  3432 | Temple   | Entered the Ecumenical Temple
  3631 | Temple   | Became a worshipper of the Shining One
  3695 | D:4      | Noticed Sigmund
  3695 | D:4      | Noticed an ogre
  3725 | D:4      | Killed an ogre
  3726 | D:4      | Reached XP level 6. HP: 10/48 MP: 6/6
  4004 | D:4      | Noticed Dowan
  4054 | D:4      | Slain by Sigmund

Illustrated notes

Levels and vault maps discovered:
D:1:      lemuel_arrival_lava_pool, layout_basic, chequers_serial_rivers_room_b,
          kennysheep_nondescript, minmay_box_of_dots
D:2:      layout_loops_ring, cheibrodos_gnoll_hut, uniq_terence
D:3:      layout_loops_cross, mainiacjoe_overflow_cross_hatched,
          nicolae_gozag_conspicuous_consumption,
          shapermc_ecumenical_altar_petra, chequers_mini_garden, minmay_puff
D:4:      layout_rooms, kennysheep_mini_moat, lemuel_doored_altar,
          minmay_temple_entry_ruins, uniq_crazy_yiuf_cottage, uniq_eustachio,
          uniq_pikel, uniq_sigmund, uniq_duvessa
Temple:   cyrus_circular_temple

Skill      XL: |  1  2  3  4  5 |
---------------+----------------+-----
Polearms       | 5 6 |  6.4
Armour         | 1 2 |  2.1
Fighting       | 3 4 |  4.1
Dodging        | 5 |  5.8
Throwing       | |  2.0

Action                   |  1- 3 |  4- 6 || total
-------------------------+-------+-------++-------
Melee: Trident           |   129 |   137 ||   266
Throw: Throwing net      |       |     4 ||     4
  Use: Scroll            |     4 |     3 ||     7
       Potion            |     1 |     1 ||     2
 Stab: Sleeping          |     2 |     1 ||     3
       Distracted        |     1 |       ||     1
Armor: Leather armour    |    16 |    29 ||    45
Dodge: Dodged            |    71 |    65 ||   136

Table legend: (Time is in decaauts)
 A = Elapsed time spent in this place.
 B = Non-inter-level travel time spent in this place.
 C = Inter-level travel time spent in this place.
 D = Time resting spent in this place.
 E = Time spent auto-exploring this place.
 F = Levels seen in this place.
 G = Mean time per level.
                   A        B        C        D        E       F      G
               +--------+--------+--------+--------+--------+-----+--------+
         Total |   4059 |   4018 |     41 |    575 |   2695 |   5 |  811.8 |
       Dungeon |   3846 |   3805 |     41 |    575 |   2517 |   4 |  961.5 |
        Temple |    212 |    212 |      0 |      0 |    178 |   1 |  212.0 |
               +--------+--------+--------+--------+--------+-----+--------+

Top non-repeatable levels by time:
     D:3: 1499 daAuts
     D:2: 1233 daAuts
     D:1: 855 daAuts
     D:4: 258 daAuts
  Temple: 212 daAuts
